 Dungeon Crawl Stone Soup version 0.19.1-1-g22dce08 (webtiles) character file.

149 labyrinthlord the Charmwright (level 5, -2/35 HPs)
             Began as a High Elf Skald on Dec 30, 2016.
             Slain by a worker ant (6 damage)
             ... on level 4 of the Dungeon.
             The game lasted 00:10:21 (2546 turns).

labyrinthlord the Charmwright (High Elf Skald)      Turns: 2546, Time: 00:10:21

Health: -2/35      AC:  5    Str: 11    XL:     5   Next: 9%
Magic:  8/10       EV: 12    Int: 15    God:
Gold:   96         SH:  0    Dex: 16    Spells: 3 memorised, 4 levels left

rFire  . . .     SeeInvis .     i - +1 dagger (speed)
rCold  . . .     Gourm    .     b - +1 leather armour
rNeg   . . .     Faith    .     (no shield)
rPois  .         Spirit   .     u - +0 helmet
rElec  .         Reflect  .     (no cloak)
rCorr  .         Harm     .     (no gloves)
MR     .....                    (no boots)
Stlth  ++........               (no amulet)
                                (no ring)
                                (no ring)

@: lethally poisoned (-2 -> -4)
A: no striking features
a: no special abilities


You were on level 4 of the Dungeon.
You were hungry.

You visited 1 branch of the dungeon, and saw 4 of its levels.

You collected 96 gold pieces.

Inventory:

Hand Weapons
 a - a +0 falchion
 i - a +1 dagger of speed (weapon)
 m - a +3 mace
 x - a +0 hand axe of electrocution
Armour
 b - a +1 leather armour (worn)
 e - a +0 scale mail
 h - a +0 robe
 l - a +0 large shield
 r - a +0 ring mail
 t - a +0 animal skin
 u - a +0 helmet (worn)
Scrolls
 k - 3 scrolls of identify
 n - 3 scrolls of fear {unknown}
 o - 2 scrolls of remove curse {unknown}
 p - a scroll of blinking {unknown}
 s - a scroll of immolation {unknown}
 w - 2 scrolls of enchant weapon {unknown}
 A - a scroll of amnesia {unknown}
Potions
 j - a potion of berserk rage {unknown}
 v - 2 potions of brilliance {unknown}
 z - 2 potions of flight {unknown}
 B - a potion of agility {unknown}
Books
 c - a book of Battle

   Spells                             Type                      Level
   a - Infusion                       Charms                       1
   b - Shroud of Golubria             Charms/Translocation         2
   c - Song of Slaying                Charms                       2
   d - Spectral Weapon                Hexes/Charms                 3
   e - Regeneration                   Charms/Necromancy            3
Comestibles
 d - 2 bread rations
 f - 2 meat rations
 q - a beef jerky


   Skills:
 + Level 2.5 Fighting
 + Level 2.1(2.8) Short Blades
 - Level 2.7(3.1) Long Blades
 - Level 1.1 Armour
 + Level 2.4 Dodging
 + Level 0.8 Stealth
 + Level 3.2 Spellcasting
 + Level 1.4 Hexes
 + Level 4.2 Charms


You had 4 spell levels left.
You knew the following spells:

 Your Spells              Type           Power        Failure   Level  Hunger
a - Infusion              Chrm           ###.         4%          1    #......
b - Song of Slaying       Chrm           ###.....     10%         2    ##.....
c - Spectral Weapon       Hex/Chrm       ##......     24%         3    ###....


Dungeon Overview and Level Annotations

Branches:
Dungeon (4/15)
 Temple: D:4-7

Altars:

Annotations:
D:3 Sigmund


Message History

The worker ant barely misses you. The adder bites you.
* * * LOW HITPOINT WARNING * * *
You are poisoned.
The adder poisons you!
The worker ant bites you but does no damage.
You feel sick.
The adder bites your spectral weapon but does no damage.
The worker ant barely misses you.
The adder completely misses your spectral weapon.
You feel sick.
The adder closely misses your spectral weapon.
The worker ant misses your spectral weapon.
The worker ant barely misses your spectral weapon.
You feel sick.
Your spectral weapon fades away.
You feel sick.
You feel sick. The worker ant bites you.
You die...

.. # #.####
.##.... .....#
#...#
###..#########.###
#.†....Saa@.......
#.#...########.###
#.#...# #.#...#
#.#..S# #.###.#.#
######.S.....#
#..?........##
#...........#


You could see 2 worker ants and an adder.

Vanquished Creatures
  A hound (D:3)
  Jessica (D:2)
  Robin (D:2)
  An adder (D:3)
  A worm (D:2)
  4 dart slugs (D:1)
  A leopard gecko (D:2)
  3 orcs (D:3)
  3 bats (D:2)
  2 giant cockroaches (D:1)
  12 goblins
  8 hobgoblins
  5 jackals
  A quokka (D:3)
  3 frilled lizards
  4 kobolds
  2 rats (D:2)
53 creatures vanquished.

Notes
Turn   | Place    | Note
-------+----------+-------------------------------------------
     0 | D:1      | labyrinthlord the High Elf Skald began the quest for the Orb.
     0 | D:1      | Reached XP level 1. HP: 14/14 MP: 4/4
    36 | D:1      | Reached skill level 1 in Armour
   257 | D:2      | Reached XP level 2. HP: 8/19 MP: 6/6
  1117 | D:1      | Reached XP level 3. HP: 25/25 MP: 5/8
  1186 | D:1      | Learned a level 2 spell: Song of Slaying
  1190 | D:1      | Learned a level 3 spell: Spectral Weapon
  1467 | D:2      | Noticed Robin
  1495 | D:2      | Killed Robin
  1495 | D:2      | Reached skill level 1 in Short Blades
  1495 | D:2      | Reached skill level 1 in Hexes
  1543 | D:2      | Reached XP level 4. HP: 9/30 MP: 0/9
  1697 | D:2      | Noticed Jessica
  1710 | D:2      | Killed Jessica
  1710 | D:2      | Reached skill level 4 in Charms
  2019 | D:3      | Reached XP level 5. HP: 23/35 MP: 5/10
  2344 | D:3      | Noticed Sigmund
  2546 | D:4      | Slain by a worker ant

Skill      XL: |  1  2  3  4 |
---------------+-------------+-----
Armour         | 1 |  1.1
Dodging        | 2 |  2.4
Short Blades   | 1 2 |  2.1
Hexes          | 1 |  1.4
Spellcasting   | 3 |  3.2
Charms         | 4 |  4.2
Fighting       | |  2.5
Long Blades    | |  2.7
Stealth        | |  0.8

Action                   |  1- 3 |  4- 6 || total
-------------------------+-------+-------++-------
Melee: Falchion          |    23 |       ||    23
       Dagger            |   106 |    55 ||   161
 Cast: Infusion          |     8 |     4 ||    12
       Song of Slaying   |     1 |     1 ||     2
       Spectral Weapon   |       |     4 ||     4
  Use: Scroll            |     1 |     2 ||     3
       Potion            |       |     2 ||     2
 Stab: Sleeping          |       |     1 ||     1
  Eat: Chunk             |     2 |     3 ||     5
Armor: Leather armour    |    33 |    12 ||    45
Dodge: Dodged            |    55 |    27 ||    82
       Rpst.: Falchion   |     3 |       ||     3
